Map: [ESL] Tropical Sacrifice

Players

goblin

  • Race: Protoss Protoss
  • Spawn Location: 1:00

GunGFuBanDa - Winner!

  • Race: Protoss Protoss
  • Spawn Location: 7:00

Event: DreamHack SC2 Masters 2022 Atlanta (Online)

VOD

Have the link to the VOD?

Description

Time

  • Played on: Oct. 1, 2022, 10:18 a.m.
  • Length: 7:22

All games in this series

Show
View Real Time Build Order
Export as new Build Order

goblin Protoss 

Build Orders: Blink Stalkers 

Get SALT Encoding   

  12  0:00  Probe  
  13  0:12  Probe  
  14  0:18  Pylon  
  14  0:24  Probe  
  15  0:36  Probe (Chrono Boost)  
  15  0:38  Gateway  
  16  0:46  Probe (Chrono Boost), Assimilator  
  17  0:51  Probe (Chrono Boost)  
  17  0:56  Assimilator  
  18  1:03  Probe  
  19  1:10  Gateway  
  19  1:15  Probe (Chrono Boost)  
  20  1:27  Probe (Chrono Boost), Cybernetics Core  
  21  1:35  Probe (Chrono Boost)  
  22  1:40  Pylon  
  22  1:41  Probe  
  23  2:03  Stalker  
  23  2:04  Warp Gate, Stalker  
  23  2:07  Probe  
  28  2:16  Pylon  
  28  2:26  Twilight Council  
  28  2:35  Stalker  
  30  2:39  Stalker  
  32  2:58  Blink (Chrono Boost)  
  32  3:08  Gateway  
  32  3:10  Pylon  
  32  3:17  Shield Battery  
  32  3:31  Gateway  
  32  3:55  Stalker x2  
  36  4:07  Stalker  
  38  4:19  Stalker x2  
  38  4:23  Pylon  
  42  4:25  Stalker  
  42  4:31  Stalker  
  44  4:49  Stalker x2  
  44  4:50  Stalker  
  50  4:55  Pylon  
  50  5:07  Stalker  
  50  5:13  Stalker  
  54  5:14  Sentry  
  56  5:22  Stalker  
  58  5:31  Pylon  
  51  5:37  Stalker  
  53  5:47  Stalker  
  55  5:52  Stalker  
  55  6:15  Stalker  
  55  6:16  Stalker x2  
  49  6:42  Stalker x3  
  51  6:55  Stalker  
  53  7:05  Stalker  
  55  7:09  Stalker  
Show
View Real Time Build Order
Export as new Build Order

GunGFuBanDa Protoss - Winner!

Build Orders:  

Get SALT Encoding   

  12  0:00  Probe  
  13  0:12  Probe  
  14  0:17  Pylon  
  14  0:24  Probe (Chrono Boost)  
  15  0:37  Probe (Chrono Boost), Gateway  
  16  0:44  Probe (Chrono Boost)  
  16  0:47  Assimilator  
  17  0:52  Probe (Chrono Boost)  
  17  0:56  Assimilator  
  18  1:05  Probe (Chrono Boost)  
  18  1:10  Gateway  
  19  1:13  Probe (Chrono Boost)  
  20  1:19  Probe  
  21  1:26  Cybernetics Core  
  21  1:31  Probe  
  22  1:38  Pylon  
  22  1:44  Probe  
  23  1:56  Probe  
  24  2:03  Sentry, Stalker  
  24  2:04  Warp Gate  
  24  2:08  Probe  
  29  2:17  Pylon  
  29  2:28  Pylon  
  29  2:43  Nexus  
  29  2:47  Stalker  
  29  2:48  Sentry  
  33  2:56  Shield Battery  
  33  2:58  Probe (Chrono Boost)  
  33  3:10  Probe (Chrono Boost)  
  34  3:17  Twilight Council, Probe (Chrono Boost)  
  35  3:24  Probe  
  36  3:31  Pylon  
  36  3:32  Robotics Facility  
  36  3:36  Probe  
  38  3:48  Probe  
  38  3:52  Stalker x2  
  42  3:56  Probe  
  43  4:06  Probe  
  44  4:13  Pylon  
  44  4:17  Stalker x2  
  46  4:19  Immortal (Chrono Boost)  
  52  4:26  Shield Battery  
  52  4:48  Immortal (Chrono Boost)  
  52  4:50  Stalker  
  52  4:51  Stalker  
  60  4:54  Pylon  
  60  5:04  Probe  
  59  5:16  Immortal (Chrono Boost)  
  59  5:20  Stalker x2  
  65  5:34  Probe  
  66  5:37  Pylon  
  66  5:40  Shield Battery  
  70  5:54  Pylon  
  71  5:57  Probe x2  
  71  6:09  Probe  
  68  6:11  Probe  
  68  6:13  Robotics Facility  
  68  6:14  Stalker x2  
  70  6:21  Probe  
  70  6:24  Gateway  
  71  6:34  Shield Battery  
  71  6:39  Stalker x2  
  71  6:48  Probe  
  71  6:54  Probe  
  68  6:55  Gateway  
  68  6:57  Gateway  
  68  7:00  Pylon  
  72  7:04  Stalker x2  
Tags
 
Add a new tag
Caveats
  • Supply blocks, unpowered buildings, or Contaminate may cause inaccurate times.
  • Supply counts are checked every 10 seconds.